 Dungeon Crawl Stone Soup version 0.21.1-1-g345015fe64 (webtiles) character file.

2063 Gargoyl the Chopper (level 9, -1/73 HPs)
             Began as a Centaur Abyssal Knight on May 18, 2018.
             Was an Elder of Lugonu.
             Slain by a manticore (8 damage)
             ... on level 6 of the Dungeon.
             The game lasted 00:12:45 (7806 turns).

Gargoyl the Chopper (Centaur Abyssal Knight)        Turns: 7806, Time: 00:12:47

Health: -1/73      AC: 15    Str: 21    XL:     9   Next: 5%
Magic:  12/13      EV:  6    Int: 11    God:    Lugonu [****..]
Gold:   453        SH:  0    Dex: 11    Spells: 8/8 levels left

rFire    . . .     SeeInvis .   a - +2 hand axe
rCold    . . .     Gourm    .   (no shield)
rNeg     . . .     Faith    .   j - +0 chain mail
rPois    .         Spirit   .   q - +0 helmet
rElec    .         Reflect  .   (no cloak)
rCorr    .         Harm     .   (no gloves)
MR       .....                  d - +0 centaur barding
Stlth    ..........             (no amulet)
HPRegen  0.22/turn              n - +2 ring of evasion
MPRegen  0.13/turn              (no ring)

@: mighty, very quick
A: large, hooves 3, deformed body, speed 2, tough skin 3
a: Depart the Abyss, Bend Space, Banish, Corrupt, Renounce Religion


You were on level 6 of the Dungeon.
You worshipped Lugonu.
Lugonu was greatly pleased with you.
You were hungry.

You visited 1 branch of the dungeon, and saw 7 of its levels.
You visited the Abyss 1 time.
You also visited: Sewer.

You collected 453 gold pieces.

Inventory:

Hand Weapons
 a - a +2 hand axe (weapon)
 r - a +2 long sword of holy wrath
Missiles
 y - a javelin (quivered)
Armour
 d - a +0 centaur barding (worn)
 j - a +0 chain mail (worn)
 q - a +0 helmet (worn)
Jewellery
 n - a +2 ring of evasion (left hand)
Wands
 e - a wand of random effects (61)
 t - a wand of paralysis (9)
 u - a wand of enslavement (13)
 B - a wand of flame (43)
Scrolls
 f - 5 scrolls of identify
 m - 2 scrolls of fear
 z - a scroll of amnesia
Potions
 b - 4 potions of heal wounds
 g - 2 potions of degeneration
 h - 4 potions of lignification
 i - 3 potions of flight
 l - a potion of brilliance
 o - 11 potions of curing
 p - 6 potions of agility
 s - a potion of cancellation
Books
 k - a book of Misfortune

   Spells                             Type                      Level
   a - Confusing Touch                Hexes                        1
   b - Confuse                        Hexes                        3
   c - Gell's Gravitas                Translocation                3
   d - Petrify                        Transmutation/Earth          4
   e - Metabolic Englaciation         Hexes/Ice                    5
   f - Yara's Violent Unravelling     Hexes/Transmutation          5
 w - a book of Frost

   Spells                             Type                      Level
   a - Freeze                         Ice                          1
   b - Throw Frost                    Conjuration/Ice              2
   c - Ozocubu's Armour               Charms/Ice                   3
   d - Throw Icicle                   Conjuration/Ice              4
   e - Summon Ice Beast               Ice/Summoning                4
Comestibles
 c - 8 rations


   Skills:
 + Level 4.9 Fighting
 + Level 6.2 Axes
 * Level 5.6 Armour
 + Level 2.1 Dodging
 * Level 5.4 Invocations


You had 8 spell levels left.
You didn't know any spells.

Dungeon Overview and Level Annotations

Branches:
Dungeon (7/15)             Temple (0/1) D:7

Altars:
Dithmenos
Fedhas
Nemelex Xobeh


Innate Abilities, Weirdness & Mutations

You have hooves in place of feet.
Armour fits poorly on your strangely shaped body.
You cover ground very quickly.
You have extremely tough skin. (AC +3)


Message History

The purple ugly thing bites you.
The deep elf mage casts a spell.
The deep elf mage blinks!
Unknown command.
Unknown command.
You barely miss the hound. Your kick misses the hound.
You barely miss the purple ugly thing. The purple ugly thing bites you.
You slice the manticore!! You kick the manticore!
The manticore is severely wounded.
You slash the purple ugly thing! The purple ugly thing bites you!
* * * LOW HITPOINT WARNING * * *
The tengu conjurer casts a spell.
The tengu conjurer blinks!
You slash the manticore!
The manticore is severely wounded.
You slash the purple ugly thing! The purple ugly thing bites you.
* * * LOW HITPOINT WARNING * * *
The manticore bites you but does no damage.
The manticore claws you!
You die...

#....# #.##...P#
##....###.##P...#....Q..
..........##...P#.....:.
..........##P...#....*..
.........###...P#.......
.........# #P...#e......
.........#
#...P#5ยง.....
.........# #P...#ug5....
.........# #....@HhY....
.........# #############
.........# .........#
##########


You could see a purple ugly thing, a manticore, a deep elf mage, a tengu
conjurer, an ice beast, a hound, a quasit, a battlesphere, a gnoll and a shadow
imp.

Vanquished Creatures
  A slime creature (D:6)
  Menkaure (D:4)
  Duvessa (D:5)
  The ghost of Gargoyl the Skirmisher, an amateur CeAK of Lugonu (D:3)
  An ogre (D:6)
  2 big kobolds (Sewer)
  2 bullfrogs (D:6)
  Blork the orc (D:5)
  Dowan (D:5)
  2 scorpions
  4 wights
  A crimson imp (D:6)
  A centaur zombie (D:5)
  A centaur skeleton (D:7)
  5 hounds
  An orc priest (D:3)
  Jessica (D:3)
  3 worker ants
  Ijyb (D:5)
  3 orc wizards
  4 worker ant zombies
  10 gnolls
  12 adders
  A shadow imp (D:5)
  3 oozes (Sewer)
  4 worms
  2 dart slugs
  A leopard gecko (D:2)
  8 orcs
  5 ball pythons
  A bat (D:2)
  2 giant cockroaches
  4 goblins
  5 hobgoblins
  6 jackals (D:5)
  4 quokkas
  3 frilled lizards
  17 kobolds
  A quokka skeleton (D:5)
  12 rats
  A fungus (D:5)
140 creatures vanquished.

Notes
Turn   | Place    | Note
-------+----------+-------------------------------------------
     0 | Abyss:1  | Gargoyl the Centaur Abyssal Knight began the quest for the Orb.
     0 | Abyss:1  | Reached XP level 1. HP: 19/19 MP: 2/2
    52 | Abyss:2  | Noticed a raiju
    52 | Abyss:2  | Noticed a raiju
    52 | Abyss:2  | Noticed a raiju
    52 | D:1      | Escaped the Abyss
   632 | D:1      | Reached * piety under Lugonu
   741 | D:1      | Reached XP level 2. HP: 26/26 MP: 3/3
   885 | D:2      | Reached XP level 3. HP: 20/31 MP: 4/4
  1063 | D:2      | Reached skill level 2 in Axes
  1343 | D:2      | Found a shadowy altar of Dithmenos.
  1353 | D:2      | Reached XP level 4. HP: 35/40 MP: 5/5
  1865 | D:3      | Noticed Jessica
  1886 | D:3      | Killed Jessica
  2092 | D:3      | Found a glowing drain.
  2096 | D:3      | Noticed Gargoyl's ghost (amateur CeAK)
  2098 | D:3      | Reached ** piety under Lugonu
  2103 | Sewer    | Entered a sewer
  2248 | Sewer    | Noticed a big kobold
  2263 | Sewer    | Killed a big kobold
  2263 | Sewer    | Reached skill level 3 in Axes
  2263 | Sewer    | Reached XP level 5. HP: 44/46 MP: 7/7
  2408 | Sewer    | Reached skill level 1 in Dodging
  2408 | Sewer    | Reached XP level 6. HP: 41/52 MP: 8/8
  2662 | D:3      | Killed Gargoyl's ghost
  2896 | D:3      | Reached skill level 4 in Axes
  3586 | D:4      | Noticed Menkaure
  3595 | D:4      | Killed Menkaure
  3595 | D:4      | Reached XP level 7. HP: 34/59 MP: 9/9
  4250 | D:5      | Entered Level 5 of the Dungeon
  4944 | D:5      | Reached *** piety under Lugonu
  4979 | D:5      | Reached XP level 8. HP: 41/66 MP: 11/11
  5202 | D:5      | Noticed Ijyb
  5215 | D:5      | Paralysed by Ijyb for 5 turns
  5224 | D:5      | Killed Ijyb
  5792 | D:5      | Reached skill level 5 in Axes
  5838 | D:5      | Noticed Blork the orc
  5849 | D:5      | Killed Blork the orc
  6075 | D:5      | Noticed Dowan
  6076 | D:5      | Noticed Duvessa
  6107 | D:5      | Killed Duvessa
  6107 | D:5      | Reached skill level 5 in Armour
  6108 | D:5      | Killed Dowan
  6731 | D:6      | Reached skill level 5 in Invocations
  6967 | D:6      | Found a sparkling altar of Nemelex Xobeh.
  7442 | D:7      | Found a blossoming altar of Fedhas.
  7455 | D:7      | Reached **** piety under Lugonu
  7779 | D:6      | Noticed a purple ugly thing
  7780 | D:6      | Noticed a deep elf mage
  7782 | D:6      | Noticed a tengu conjurer
  7783 | D:6      | Noticed a slime creature
  7783 | D:6      | Reached skill level 6 in Axes
  7792 | D:6      | Noticed a manticore
  7795 | D:6      | Killed a slime creature
  7795 | D:6      | Reached XP level 9. HP: 52/73 MP: 11/13
  7806 | D:6      | Slain by a manticore

Skill      XL: |  1  2  3  4  5  6  7  8  9 |
---------------+----------------------------+-----
Axes           | 2 3 4 6 |  6.2
Armour         | 2 3 4 5 |  5.6
Invocations    | 3 4 5 |  5.4
Dodging        | 1 2 |  2.1
Fighting       | 4 |  4.9

Action                   |  1- 3 |  4- 6 |  7- 9 || total
-------------------------+-------+-------+-------++-------
Melee: Hand axe          |    61 |   171 |   335 ||   567
       Kick              |     9 |    38 |    95 ||   142
       Long sword        |       |       |    16 ||    16
Throw: Javelin           |       |       |     2 ||     2
Invok: Depart the Abyss  |     1 |       |       ||     1
       Bend Space        |       |     1 |     2 ||     3
  Use: Scroll            |     7 |     6 |     5 ||    18
       Potion            |     1 |     2 |     6 ||     9
  Eat: Chunk             |       |     3 |     5 ||     8
       Ration            |       |     1 |     2 ||     3
Armor: Leather armour    |    25 |       |       ||    25
       Chain mail        |    21 |   127 |   302 ||   450
Dodge: Dodged            |    22 |    28 |    80 ||   130
       Rpst.: Long sword |       |       |     1 ||     1
